cohdb
Replays
Latest Replays
All Replays
Popular Replays
Top Player Replays
Match Explorer
How It Works
Community
CoH3 Stats
Reddit
Sign in to upload your games and track your stats! →
Sign in with Steam
Match 46839062
Unlisted
Match 46839062
Overview
Messages
Build Orders
End
Construct Section Command Post
Dingo Light Scout Car
Dingo Light Scout Car
Infantry Section
Infantry Section
Infantry Section
Construct Platoon Command Post
Infantry Section
Grenade Package
6-pounder Anti-tank Gun Team
Infantry Training
CMP 15cwt Truck
6-pounder Anti-tank Gun Team
Selects Australian Defense Battlegroup
Selects Australian Light Infantry Section
Selects 2-pounder Anti-tank Gun Team
Infantry Section
Australian Light Infantry Section
Royal Engineer Section
Selects CMP 15cwt Supply Run
Selects Reinforced Resource Caches
Construct Company Command Post
Matilda II Heavy Tank
Selects Archer Tank Destroyer
Jonesy
Jeremy
JT
Ra11
Cohpe?
Harry Cohper
0
0
Comments
sign in to comment!
No comments posted yet!